Map: Zen LE

Players

ElvinGypt

  • Race: Zerg Zerg
  • League: Diamond
  • Spawn Location: 1:00

LowLinK - Winner!

  • Race: Protoss Protoss
  • League: Diamond
  • Spawn Location: 7:00

VOD

Have the link to the VOD?

Description

Time

  • Played on: Feb. 20, 2020, 11:38 a.m.
  • Length: 7:08
Show
View Real Time Build Order
Export as new Build Order

ElvinGypt Zerg 

Build Orders: Hatch First 

Get SALT Encoding   

  12  0:01  Drone  
  13  0:13  Overlord  
  13  0:17  Drone  
  14  0:31  Drone x2  
  16  0:50  Hatchery  
  16  0:54  Drone  
  16  0:56  Drone  
  17  1:00  Drone  
  18  1:13  Extractor  
  18  1:17  Spawning Pool  
  16  1:19  Drone  
  16  1:22  Drone  
  18  1:28  Drone  
  19  1:54  Drone, Overlord  
  20  2:04  Drone x2  
  22  2:23  Drone x2  
  22  2:24  Drone  
  22  2:25  Queen x2  
  22  2:27  Drone  
  30  2:38  Spine Crawler  
  30  2:39  Drone x2  
  30  2:41  Metabolic Boost  
  31  2:56  Roach Warren  
  31  2:57  Drone x4  
  34  3:06  Queen  
  34  3:07  Overlord  
  34  3:08  Overlord  
  34  3:12  Lair  
  36  3:31  Zergling x2  
  36  3:32  Zergling x6  
  40  3:42  Overlord  
  40  3:47  Roach x4  
  40  3:48  Roach  
  50  3:52  Queen  
  50  3:53  Overlord  
  50  3:54  Overlord  
  52  4:13  Overseer  
  52  4:15  Drone x3  
  52  4:16  Drone  
  55  4:31  Roach x3  
  61  4:41  Evolution Chamber  
  60  4:50  Extractor  
  60  4:51  Overlord  
  59  4:56  Roach  
  59  4:57  Roach x2  
  59  4:58  Zergling x14  
  66  5:06  Queen x2  
  62  5:09  Roach  
  47  5:24  Roach x2  
  48  5:29  Extractor  
  41  5:36  Roach  
  41  5:39  Zergling x8  
  41  5:40  Zergling x6  
  41  5:42  Queen x2  
  40  5:56  Drone x4  
  34  6:15  Roach  
  34  6:16  Roach x4  
  40  6:23  Roach x2  
  40  6:24  Zergling x2  
Show
View Real Time Build Order
Export as new Build Order

LowLinK Protoss - Winner!

Build Orders: Zealot Archon 

Get SALT Encoding   

  12  0:01  Probe  
  13  0:13  Probe  
  14  0:18  Pylon  
  14  0:25  Probe  
  15  0:36  Gateway  
  15  0:38  Probe (Chrono Boost)  
  16  0:48  Assimilator  
  16  0:49  Probe (Chrono Boost)  
  17  0:54  Probe (Chrono Boost)  
  18  0:57  Assimilator  
  18  1:04  Probe  
  19  1:16  Probe  
  20  1:19  Pylon  
  20  1:26  Cybernetics Core  
  20  1:31  Probe  
  21  1:43  Probe  
  22  1:55  Probe, Pylon  
  22  2:00  Forge  
  23  2:02  Warp Gate, Gateway  
  23  2:13  Twilight Council  
  23  2:22  Gateway  
  23  2:23  Protoss Ground Weapons Level 1 (Chrono Boost)  
  23  2:39  Gateway  
  23  2:53  Probe  
  24  3:00  Charge  
  24  3:07  Pylon  
  24  3:08  Pylon  
  24  3:26  Gateway  
  24  3:28  Gateway  
  24  3:50  Zealot x3  
  30  3:58  Templar Archives  
  30  4:09  Pylon  
  30  4:12  Zealot x3  
  36  4:23  Zealot  
  38  4:26  Zealot  
  40  4:34  High Templar x2  
  44  4:39  Archon  
  44  4:40  Zealot  
  46  4:47  Zealot  
  46  5:01  Zealot x2  
  44  5:11  High Templar x2  
  44  5:12  Zealot  
  46  5:15  Archon  
  38  5:34  Zealot x3  
  38  5:52  High Templar  
  38  5:53  Zealot x2  
  38  6:11  High Templar  
  38  6:12  Zealot  
  42  6:18  Zealot x2  
  42  6:23  Archon  
  46  6:30  Zealot  
  40  6:46  Zealot x4  
  46  7:02  High Templar x2  
Tags
 
Composition
Zealot Archon
Matchup
PvZ
Spawn Locations
Cross Positions
Add a new tag
Caveats
  • Supply blocks, unpowered buildings, or Contaminate may cause inaccurate times.
  • Supply counts are checked every 10 seconds.